[Event "Late-Titled-Tuesday-Blitz-February-06-2024"]
[Site "Chess.com"]
[Date "2024.02.06"]
[Round "8"]
[White "emeli_chess"]
[Black "UnTucopalaTimba"]
[Result "1-0"]
[WhiteElo "2362"]
[BlackElo "1965"]
[TimeControl "180+1"]
[EndTime "15:25:43 PST"]
[Termination "emeli_chess won by resignation"]

1. d4 Nf6 2. c4 e6 3. Nc3 Bb4 4. Qc2 O-O 5. e4 d5 6. e5 Ne4 7.
Bd3 c5 8. Nf3 cxd4 9. Nxd4 Nd7 10.
Bf4 Qh4 11. g3 Qh5 12. O-O Nxc3 13. bxc3 Bc5 14. cxd5 exd5 15. Rae1 Re8 16. e6 fxe6 17. Nxe6 Bb6 18. Bxh7+ Qxh7 19. Qxh7+ Kxh7 20. Ng5+ Kg6 21. Rxe8 Nf6 22. Re7 Bh3 23. Nxh3 1-0

[Event "Late-Titled-Tuesday-Blitz-February-06-2024"]
[Site "Chess.com"]
[Date "2024.02.06"]
[Round "8"]
[White "CFalcons8"]
[Black "rionelG"]
[Result "1-0"]
[WhiteElo "2365"]
[BlackElo "2235"]
[TimeControl "180+1"]
[EndTime "15:25:47 PST"]
[Termination "CFalcons8 won by resignation"]

1. d4 d5 2. c4 e6 3. Nf3 Nf6 4. g3 Be7 5. Bg2 O-O 6. O-O dxc4 7.
Qc2 b5 8. a4 Bb7 9. axb5 a6 10.
bxa6 Nxa6 11. Qxc4 Bd5 12. Qc2 c5 13. dxc5 Nxc5 14.
Rxa8 Qxa8 15. Nc3 Bc6 16. b4 Nce4 17. Nxe4 Bxe4 18. Qb2 Qb7 19. Bd2 Rb8 20. Rc1 h6 21. b5 Qxb5 22. Rc8+ 1-0

[Event "Late-Titled-Tuesday-Blitz-February-06-2024"]
[Site "Chess.com"]
[Date "2024.02.06"]
[Round "8"]
[White "alexrustemov"]
[Black "dropstoneDP"]
[Result "1/2-1/2"]
[WhiteElo "2789"]
[BlackElo "2986"]
[TimeControl "180+1"]
[EndTime "15:25:59 PST"]
[Termination "Game drawn by repetition"]

1. d4 d5 2. Bg5 h6 3. Bh4 c6 4. e3 Qb6 5. Qc1 e5 6. Nf3 exd4 7. exd4 Be7 8. Bxe7 Nxe7 9. Bd3 O-O 10. O-O Bf5 11.
Bxf5 Nxf5 12. c3 Qc7 13. Qc2 Nd6 14. Nbd2 Nd7 15. Rfe1 Rfe8 16. h3 a5 17. Rxe8+ Rxe8 18. Re1 Rxe1+ 19. Nxe1 Nf6 20. Nd3 Qe7 21. Qd1 Kf8 22.
Qe1 Qxe1+ 23. Nxe1 Nfe4 24. Nf1 Ng5 25. Nd3 Ne6 26.
h4 h5 27. f3 Ke7 28. Kf2 g6 29. Ne3 Kf6 30. g3 Ke7 31. Ng2 Kf6 32. Ngf4 Nxf4 33. Nxf4 Nc4 34. Nd3 a4 35. b3 axb3 36. axb3 Nd6 37.
Ke3 Nb5 38. Kd2 Nd6 39. Ke3 Nb5 40. Kd2 Nd6 41. Ke3 1/2-1/2

[Event "Late-Titled-Tuesday-Blitz-February-06-2024"]
[Site "Chess.com"]
[Date "2024.02.06"]
[Round "8"]
[White "falzehope0"]
[Black "masterofpuppets2"]
[Result "1-0"]
[WhiteElo "2360"]
[BlackElo "2491"]
[TimeControl "180+1"]
[EndTime "15:26:01 PST"]
[Termination "falzehope0 won by resignation"]

1. d4 d5 2. e3 e6 3. Bd3 c5 4. c3 Nc6 5. f4 Nf6 6. Nf3 Be7 7. Nbd2 O-O 8. O-O b6 9. Ne5 Bb7 10. Qf3 Rc8 11. g4 Nd7 12. g5 f5 13. gxf6 Nxf6 14.
Qh3 Qd6 15. Rf2 Nd8 16. Rg2 Ne4 17. Ndf3 Rf6 18. Bd2 Rh6 19. Qxh6 1-0

[Event "Late-Titled-Tuesday-Blitz-February-06-2024"]
[Site "Chess.com"]
[Date "2024.02.06"]
[Round "8"]
[White "ProfessorChess101"]
[Black "LiemLe"]
[Result "0-1"]
[WhiteElo "2800"]
[BlackElo "3030"]
[TimeControl "180+1"]
[EndTime "15:26:10 PST"]
[Termination "LiemLe won by resignation"]

1. d4 Nf6 2. c4 e6 3. Nc3 d5 4.
Nf3 Nbd7 5. Bf4 dxc4 6. e3 Nb6 7.
Ne5 Bd6 8. Bxc4 Nfd5 9. Nxd5 exd5 10. Bb5+ c6 11. Bd3 O-O 12. Qh5 g6 13. Nxg6 fxg6 14. Bxg6 Bb4+ 15. Ke2 Qd7 16. Bh6 Rf6 17. Bxh7+ Qxh7 18.
Qg5+ Qg6 0-1

[Event "Late-Titled-Tuesday-Blitz-February-06-2024"]
[Site "Chess.com"]
[Date "2024.02.06"]
[Round "8"]
[White "gurudub"]
[Black "Veleamater"]
[Result "0-1"]
[WhiteElo "2107"]
[BlackElo "2332"]
[TimeControl "180+1"]
[EndTime "15:26:15 PST"]
[Termination "Veleamater won on time"]

1. e4 d6 2. d4 g6 3. f4 Bg7 4. Nf3 Nf6 5. Nc3 O-O 6. Bc4 Nc6 7. Be3 Bg4 8. h3 Bxf3 9. Qxf3 e5 10. dxe5 dxe5 11. Rd1 Nd4 12. Qf2 c5 13. fxe5 Nd7 14.
Bxd4 cxd4 15. Qxd4 Qh4+ 16. Qf2 Qxf2+ 17. Kxf2 Nxe5 18.
Bd5 Rac8 19. Bxb7 Rb8 20. Bd5 Rxb2 21. Bb3 Nc6 22. Rd3 Nb4 23. Na4 Nxd3+ 0-1

[Event "Late-Titled-Tuesday-Blitz-February-06-2024"]
[Site "Chess.com"]
[Date "2024.02.06"]
[Round "8"]
[White "Hikaru"]
[Black "nihalsarin"]
[Result "1/2-1/2"]
[WhiteElo "3331"]
[BlackElo "3124"]
[TimeControl "180+1"]
[EndTime "15:26:16 PST"]
[Termination "Game drawn by repetition"]

1. e4 c6 2. Nc3 d5 3. Nf3 dxe4 4. Nxe4 Nf6 5. Qe2 Nxe4 6. Qxe4 Be6 7. b3 Bd5 8. Qe3 Nd7 9. Bb2 e6 10. Qf4 Nf6 11.
Ne5 Bd6 12. Qg5 O-O 13. Nd7 Nh5 14. Qxh5 Qxd7 15. Bxg7 Kxg7 16. Qg5+ Kh8 17. Qf6+ Kg8 18. Qg5+ Kh8 19. Qf6+ Kg8 20. Qg5+ Kh8 1/2-1/2

[Event "Late-Titled-Tuesday-Blitz-February-06-2024"]
[Site "Chess.com"]
[Date "2024.02.06"]
[Round "8"]
[White "morte-negra"]
[Black "maurovargas01"]
[Result "1-0"]
[WhiteElo "2015"]
[BlackElo "1890"]
[TimeControl "180+1"]
[EndTime "15:26:22 PST"]
[Termination "morte-negra won by resignation"]

1. e4 d5 2. exd5 Qxd5 3. Nc3 Qa5 4. d4 c6 5. Bc4 Nf6 6. Nf3 Bg4 7. Bd2 Qc7 8. Qe2 e6 9. O-O-O Bd6 10. h3 Bh5 11. g4 Bg6 12. Ne5 Nbd7 13. f4 h6 14. f5 Nxe5 15. dxe5 Bxe5 16. fxg6 O-O-O 17. gxf7 Nd5 18. Rhe1 Rhf8 19. Qxe5 Rxf7 20. Qxe6+ Rfd7 21. Bxd5 cxd5 22. Be3 Kb8 23. Nb5 Qc4 24. Bxa7+ Ka8 25. Qxd7 1-0

[Event "Late-Titled-Tuesday-Blitz-February-06-2024"]
[Site "Chess.com"]
[Date "2024.02.06"]
[Round "8"]
[White "ansko1999"]
[Black "HaryKane"]
[Result "1-0"]
[WhiteElo "2690"]
[BlackElo "2562"]
[TimeControl "180+1"]
[EndTime "15:26:24 PST"]
[Termination "ansko1999 won by resignation"]

1. Nf3 e6 2. g3 d5 3. Bg2 f5 4. O-O Nf6 5. d3 Be7 6. Nbd2 O-O 7. Qe1 Nc6 8. c3 e5 9. e4 fxe4 10. dxe4 d4 11. cxd4 exd4 12. Qd1 Kh8 13. h3 Be6 14. Ng5 Bg8 15. f4 d3 16. Nb3 a5 17. Be3 a4 18.
Nc5 Ra5 19. Nxb7 Qa8 20. Nxa5 Qxa5 21. Qxd3 Rd8 22. Qe2 Nd4 23. Qf2 c5 24. Rfd1 h6 25. e5 hxg5 26. exf6 Bxf6 27. fxg5 Be5 28. Bf4 Bxf4 29.
gxf4 Rf8 30. Rxd4 cxd4 31. Qh4+ Bh7 32. g6 1-0

[Event "Late-Titled-Tuesday-Blitz-February-06-2024"]
[Site "Chess.com"]
[Date "2024.02.06"]
[Round "8"]
[White "Godzillator"]
[Black "pinguino120"]
[Result "0-1"]
[WhiteElo "2376"]
[BlackElo "2280"]
[TimeControl "180+1"]
[EndTime "15:26:31 PST"]
[Termination "pinguino120 won by resignation"]

1. Nf3 g6 2. d4 Bg7 3. c3 d5 4. Bg5 Nf6 5. Nbd2 O-O 6. e3 c5 7. Be2 Nc6 8. O-O Qb6 9. Qb3 c4 10. Qxb6 axb6 11. a3 b5 12. Rae1 Bf5 13. Nh4 Bd7 14.
h3 h6 15. Bxf6 exf6 16. e4 Ne7 17. exd5 Nxd5 18. Bf3 Bc6 19. Ne4 f5 20. Nd2 Bf6 21. g3 Bxh4 22. gxh4 Rfe8 23. h5 g5 24. Bg2 Nf4 25.
Bxc6 bxc6 26. Nf3 Nxh3+ 27. Kh2 Nf4 28. Ne5 Re6 29. Re3 Rae8 30. Rfe1 Nd5 31. R3e2 f6 32. f4 Nxf4 33. Rf2 fxe5 34. dxe5 Rxe5 0-1

[Event "Late-Titled-Tuesday-Blitz-February-06-2024"]
[Site "Chess.com"]
[Date "2024.02.06"]
[Round "8"]
[White "Mikayel99"]
[Black "Teidi96"]
[Result "0-1"]
[WhiteElo "2522"]
[BlackElo "2372"]
[TimeControl "180+1"]
[EndTime "15:26:43 PST"]
[Termination "Teidi96 won by checkmate"]

1. d4 Nf6 2. c4 e6 3. g3 d5 4.
Nf3 Be7 5. Bg2 O-O 6. O-O dxc4 7. Ne5 Nc6 8. Nxc6 bxc6 9. Na3 Bxa3 10. bxa3 Rb8 11.
Qc2 c5 12. dxc5 Bb7 13. Rd1 Qe7 14. c6 Ba6 15. Bd2 Rfd8 16. Bb4 Qe8 17. Rxd8 Rxd8 18. Qa4 Bc8 19. Qxa7 Nd5 20. Bxd5 exd5 21. Qxc7 Bh3 22. Rd1 Rc8 23. Qe7 Qxc6 24. e4 c3 25. Rxd5 Qxd5 26. exd5 c2 27. d6 c1=Q+ 28. Be1 Qc6 29. Qh4 Qg2# 0-1

[Event "Late-Titled-Tuesday-Blitz-February-06-2024"]
[Site "Chess.com"]
[Date "2024.02.06"]
[Round "8"]
[White "viniciusrego"]
[Black "Viktor_Poddubnyi"]
[Result "0-1"]
[WhiteElo "2419"]
[BlackElo "2276"]
[TimeControl "180+1"]
[EndTime "15:26:44 PST"]
[Termination "Viktor_Poddubnyi won by resignation"]

1. e4 g6 2. d4 Bg7 3. c4 Nc6 4. d5 Nd4 5. Be3 c5 6. Nc3 e5 7. h4 h6 8. f4 exf4 9. Bxf4 d6 10. Nf3 Bg4 11. Qa4+ Kf8 12. Nxd4 cxd4 13. Nb5 Be5 14.
Bd2 Nf6 15. Bd3 Kg7 16. Qa3 a6 17. Ba5 b6 18. Nxd4 Bxd4 19. Bc3 Bxc3+ 20. Qxc3 Qe7 21. O-O Qe5 22. Qb3 Rab8 23. Rae1 Rhe8 24. Rf2 Bd7 25. Qc2 Ng4 26. Rf3 Qh2+ 27. Kf1 Qh1+ 0-1

[Event "Late-Titled-Tuesday-Blitz-February-06-2024"]
[Site "Chess.com"]
[Date "2024.02.06"]
[Round "8"]
[White "tgpgoat"]
[Black "temiksmozg"]
[Result "1-0"]
[WhiteElo "2483"]
[BlackElo "2603"]
[TimeControl "180+1"]
[EndTime "15:26:46 PST"]
[Termination "tgpgoat won by resignation"]

1. Nf3 d5 2. b3 c6 3. Bb2 Bf5 4. e3 e6 5. Be2 h6 6. O-O Nf6 7. c4 Be7 8. Nc3 O-O 9. d4 Nbd7 10. Rc1 Ne4 11. Bd3 Ndf6 12. Ne5 Bb4 13. Nxe4 Bxe4 14. a3 Bd6 15. Bxe4 Nxe4 16. cxd5 exd5 17. Nf3 Re8 18.
b4 a6 19. Qb3 Qe7 20. Bc3 g5 21. Nd2 f5 22. Nxe4 fxe4 23. a4 g4 24. b5 axb5 25. axb5 Rac8 26. bxc6 bxc6 27. Rb1 Qh4 28. g3 Qf6 29. Bb4 Bxb4 30. Qxb4 h5 31. Qc5 h4 32. gxh4 Qxh4 33. Qd6 Qe7 34. Qxe7 Rxe7 35. Kg2 Rf7 36.
Rb2 Kg7 37. Rc1 Rf6 38. Rc5 Rcf8 39. Rbc2 Kg6 40. Rxc6 Rxc6 41. Rxc6+ Kg5 42. Re6 Rf5 43. Re5 Rxe5 44. dxe5 Kf5 45. Kg3 Kxe5 46. Kxg4 d4 47. exd4+ Kxd4 48. Kf4 1-0

[Event "Late-Titled-Tuesday-Blitz-February-06-2024"]
[Site "Chess.com"]
[Date "2024.02.06"]
[Round "8"]
[White "frequentblunders"]
[Black "abeljusto"]
[Result "1-0"]
[WhiteElo "2153"]
[BlackElo "2058"]
[TimeControl "180+1"]
[EndTime "15:26:52 PST"]
[Termination "frequentblunders won by checkmate"]

1. d3 g6 2. f4 Bg7 3. Nf3 d5 4. Nc3 c5 5. e4 dxe4 6. dxe4 Qxd1+ 7. Kxd1 e6 8. Bd2 Ne7 9. Bd3 O-O 10. Ke2 Nbc6 11. a4 Nb4 12. h4 Nxd3 13. cxd3 h5 14. e5 Bd7 15. Ne4 b6 16. b4 cxb4 17. Bxb4 Rfe8 18. Bxe7 Rxe7 19. Rhc1 Rc8 20. Rxc8+ Bxc8 21.
a5 Rc7 22. axb6 axb6 23. Ra8 Bf8 24. Nf6+ Kh8 25. Ng5 Bg7 26. Rxc8+ Rxc8 27. Nxf7# 1-0

[Event "Late-Titled-Tuesday-Blitz-February-06-2024"]
[Site "Chess.com"]
[Date "2024.02.06"]
[Round "8"]
[White "brm72"]
[Black "cristianserban1"]
[Result "1-0"]
[WhiteElo "2645"]
[BlackElo "2522"]
[TimeControl "180+1"]
[EndTime "15:26:56 PST"]
[Termination "brm72 won by resignation"]

1. d4 g6 2. Nf3 Bg7 3. c4 d6 4.
g3 Bd7 5. Bg2 Qc8 6. h3 Nc6 7.
Nc3 e5 8. d5 Nce7 9. e4 f5 10.
Be3 Nf6 11. Qd2 O-O 12. Bh6 fxe4 13. Nh4 Nf5 14. Bxg7 Kxg7 15. Nxf5+ gxf5 16. g4 fxg4 17. hxg4 Bxg4 18. Nxe4 Nxe4 19. Qh6+ Kf7 20. Qxh7+ Ke8 21. Bxe4 Qd7 22. Qg6+ Kd8 23. Rh7 1-0

[Event "Late-Titled-Tuesday-Blitz-February-06-2024"]
[Site "Chess.com"]
[Date "2024.02.06"]
[Round "8"]
[White "igorkovalenko"]
[Black "jcibarra"]
[Result "1-0"]
[WhiteElo "3013"]
[BlackElo "2897"]
[TimeControl "180+1"]
[EndTime "15:27:00 PST"]
[Termination "igorkovalenko won by resignation"]

1. c4 e5 2. Nc3 Nf6 3. Nf3 d6 4. d4 e4 5. Ng5 Qe7 6. g3 h6 7. Nh3 c6 8. Bg2 Bf5 9. O-O Qd7 10. Nf4 g5 11. f3 exf3 12. exf3 gxf4 13. Bxf4 Bg7 14. Re1+ Kf8 15. Qd2 Na6 16. g4 Bg6 17. h4 h5 18. g5 Ng8 19. Re2 Ne7 20. Rae1 Re8 21. d5 Bxc3 22. Qxc3 Kg8 23. Qf6 Qf5 24. Qxf5 Bxf5 25. Rxe7 Rxe7 26. Rxe7 cxd5 27. Bxd6 d4 28. Be5 1-0

[Event "Late-Titled-Tuesday-Blitz-February-06-2024"]
[Site "Chess.com"]
[Date "2024.02.06"]
[Round "8"]
[White "platy3"]
[Black "CarlosjPineror"]
[Result "1-0"]
[WhiteElo "2938"]
[BlackElo "2691"]
[TimeControl "180+1"]
[EndTime "15:27:03 PST"]
[Termination "platy3 won by resignation"]

1. Nf3 Nf6 2. b3 e6 3. Bb2 c5 4. g3 b6 5. Bg2 Bb7 6. O-O Be7 7. c4 d6 8. d4 Nbd7 9. Nc3 a6 10. d5 exd5 11.
cxd5 b5 12. Nd2 O-O 13. e4 Re8 14. a4 b4 15. Ncb1 Bf8 16. Re1 a5 17. Nc4 Nb6 18.
Nbd2 Nfd7 19. Qg4 Nxc4 20. Nxc4 Nb6 21. Ne3 Bc8 22. Qf4 Ra7 23. Nf5 Bxf5 24. Qxf5 g6 25. Qg4 Bg7 26. Bxg7 Kxg7 27. f4 f6 28. Rac1 Rae7 29.
Red1 Nd7 30. Qe2 f5 31. Qb2+ Kg8 32. e5 dxe5 33. d6 Rg7 34. fxe5 Rxe5 35. Re1 Qf6 36.
Rxe5 Qxe5 37. Qxe5 Nxe5 38. Rxc5 Nd7 39. Bd5+ Rf7 40.
Rc8+ Kg7 41. Bxf7 Kxf7 42. Ra8 Ke6 43. Rxa5 Kxd6 44. Rb5 1-0

[Event "Late-Titled-Tuesday-Blitz-February-06-2024"]
[Site "Chess.com"]
[Date "2024.02.06"]
[Round "8"]
[White "Jamal-Jamal-Jamal"]
[Black "Yushko_Olga"]
[Result "1-0"]
[WhiteElo "2359"]
[BlackElo "2209"]
[TimeControl "180+1"]
[EndTime "15:27:05 PST"]
[Termination "Jamal-Jamal-Jamal won by checkmate"]

1. e4 g6 2. d4 Bg7 3. Nc3 d6 4. Be3 Nf6 5. f3 O-O 6. Qd2 Nbd7 7.
O-O-O e5 8. h4 c6 9. g4 b5 10. h5 b4 11. Nce2 a5 12. hxg6 fxg6 13. Bh6 a4 14.
Bxg7 Kxg7 15. Qh6+ Kg8 16. Nh3 b3 17. cxb3 a3 18.
Ng5 axb2+ 19. Kb1 Qa5 20. a4 Re8 21. Nxh7 Kf7 22. Ng5+ Ke7 23. Qg7+ Kd8 24. Nf7+ Kc7 25. Nxd6 Kxd6 26. dxe5+ Kxe5 27. f4+ Kxe4 28. Bg2+ Ke3 29. Qxg6 Kxe2 30. Qd3+ Kf2 31. Qf3# 1-0

[Event "Late-Titled-Tuesday-Blitz-February-06-2024"]
[Site "Chess.com"]
[Date "2024.02.06"]
[Round "8"]
[White "lachesisQ"]
[Black "balachess2006"]
[Result "1-0"]
[WhiteElo "3056"]
[BlackElo "2709"]
[TimeControl "180+1"]
[EndTime "15:27:06 PST"]
[Termination "lachesisQ won by resignation"]

1. e4 c5 2. Nf3 Nc6 3. Bb5 g6 4. O-O Bg7 5. Re1 e5 6. Bxc6 dxc6 7. Nc3 Qc7 8. d3 Nf6 9. a4 a5 10. h3 O-O 11. Be3 b6 12. Qd2 Re8 13. Bh6 Bh8 14.
b3 Nh5 15. Kh2 Nf4 16. Bxf4 exf4 17. e5 Rxe5 18. Rxe5 Bxe5 19. Nxe5 Qxe5 20. Re1 Qc7 21. Re8+ Kg7 22. Ne4 Qd7 23. Qc3+ Qd4 24. Qxd4+ cxd4 25. Nd6 Bb7 26. Re7 Ba6 27. Rxf7+ Kg8 28. Rxf4 Rf8 29. Kg3 c5 30. Rxf8+ Kxf8 31. Kf4 Ke7 32. Ke5 Kd7 33. f4 Ke7 34. g4 Kd7 35. f5 gxf5 36. gxf5 Ke7 37.
f6+ Kf8 38. Kd5 1-0

[Event "Late-Titled-Tuesday-Blitz-February-06-2024"]
[Site "Chess.com"]
[Date "2024.02.06"]
[Round "8"]
[White "sotochess"]
[Black "Walter_White_Poland"]
[Result "1-0"]
[WhiteElo "2554"]
[BlackElo "2395"]
[TimeControl "180+1"]
[EndTime "15:27:07 PST"]
[Termination "sotochess won by resignation"]

1. e4 e6 2. Qe2 c5 3. Nf3 Nc6 4.
g3 g6 5. Bg2 Bg7 6. O-O d6 7. c3 Nge7 8. Rd1 Qb6 9. h4 h6 10.
Na3 a6 11. Nc4 Qc7 12. a4 b6 13. d3 Bb7 14. Bf4 Ne5 15. a5 Nxc4 16. dxc4 Rd8 17.
axb6 Qxb6 18. e5 dxe5 19. Rxd8+ Qxd8 20. Bxe5 O-O 21. Bxg7 Kxg7 22. Qe5+ Kh7 23. Qxc5 Qa8 24. Qxe7 Re8 25. Qxf7+ 1-0

[Event "Late-Titled-Tuesday-Blitz-February-06-2024"]
[Site "Chess.com"]
[Date "2024.02.06"]
[Round "8"]
[White "vanyakuba"]
[Black "el008"]
[Result "0-1"]
[WhiteElo "2359"]
[BlackElo "2542"]
[TimeControl "180+1"]
[EndTime "15:27:09 PST"]
[Termination "el008 won by resignation"]

1. e4 b6 2. d4 Bb7 3. Bd3 e6 4. Nf3 c5 5. c3 d6 6. O-O Nf6 7. Re1 Be7 8. e5 dxe5 9. dxe5 Nd5 10. Qe2 a6 11. a4 Nc6 12. Na3 Na5 13. Bc2 Qc7 14. Nc4 Nxc4 15. Qxc4 Bc6 16. Qg4 g6 17.
Bh6 O-O-O 18. Nd2 Kb8 19. Nc4 Qb7 20. a5 b5 21. Nd6 Bxd6 22. exd6 Rxd6 23. Bg7 f5 24.
Qg3 f4 25. Bxh8 fxg3 26. Be5 gxf2+ 27. Kxf2 Qe7 28. c4 bxc4 29. Ra3 Kb7 30. Bxd6 Qxd6 31.
Kg1 Nb4 32. Bb1 Qd2 33. Rae3 0-1

[Event "Late-Titled-Tuesday-Blitz-February-06-2024"]
[Site "Chess.com"]
[Date "2024.02.06"]
[Round "8"]
[White "carloseduar100"]
[Black "campochess"]
[Result "1/2-1/2"]
[WhiteElo "2336"]
[BlackElo "2121"]
[TimeControl "180+1"]
[EndTime "15:27:12 PST"]
[Termination "Game drawn by agreement"]

1. g3 d5 2. Bg2 c6 3. Nf3 Nd7 4. O-O e5 5. d4 e4 6. Ne5 f6 7. Nxd7 Bxd7 8. c4 Ne7 9. Nc3 Be6 10.
cxd5 cxd5 11. f3 f5 12. fxe4 dxe4 13. Bg5 h6 14. Bxe7 Bxe7 15. e3 O-O 16. d5 Bd7 17.
Qb3 Kh8 18. Rad1 b5 19. d6 Bf6 20. Rd5 Qb6 21. Ne2 Be6 22. Rfxf5 Bxd5 23. Rxd5 a6 24. Bxe4 Rad8 25. d7 Qe6 26. Bf5 Qf7 27. e4 Qe7 28. Nf4 Qf7 29. Ng6+ Kg8 30. Nxf8 Kxf8 31. Qb4+ Be7 32.
Qa5 Qf6 33. Qd2 g6 34. Qxh6+ Kf7 1/2-1/2

[Event "Late-Titled-Tuesday-Blitz-February-06-2024"]
[Site "Chess.com"]
[Date "2024.02.06"]
[Round "8"]
[White "cukricek"]
[Black "crazy_but_lazy"]
[Result "0-1"]
[WhiteElo "2414"]
[BlackElo "2605"]
[TimeControl "180+1"]
[EndTime "15:27:13 PST"]
[Termination "crazy_but_lazy won by resignation"]

1. g3 d5 2. Nf3 c6 3. Bg2 Bg4 4. Ne5 Bh5 5. d4 Nd7 6. b3 Nxe5 7. dxe5 e6 8. Bb2 a5 9. Nd2 a4 10. O-O Qa5 11. Nf3 a3 12. Bc1 Bc5 13. Bd2 Qb6 14. e3 Qa7 15. c4 Ne7 16. Rc1 O-O 17. Qe1 Rfd8 18. Bb4 Bg6 19. Qc3 dxc4 20. Qxc4 Bxb4 21. Qxb4 Nd5 22. Qh4 Qa5 23. Rfd1 Nb4 24. Rxd8+ Rxd8 25. Rc5 Rd1+ 26. Bf1 Qxc5 0-1

[Event "Late-Titled-Tuesday-Blitz-February-06-2024"]
[Site "Chess.com"]
[Date "2024.02.06"]
[Round "8"]
[White "Zallio"]
[Black "youngdinousaur"]
[Result "1-0"]
[WhiteElo "2149"]
[BlackElo "2317"]
[TimeControl "180+1"]
[EndTime "15:27:15 PST"]
[Termination "Zallio won by resignation"]

1. d4 Nf6 2. Nf3 e6 3. e3 d5 4.
Be2 c5 5. O-O Nc6 6. b3 Be7 7.
Bb2 O-O 8. Nbd2 b6 9. Re1 Bb7 10. c4 dxc4 11. bxc4 cxd4 12. exd4 Rc8 13. Qa4 Na5 14.
Red1 Qc7 15. Rac1 Rfd8 16. Ne5 Bd6 17. Bf3 Bxf3 18. Ndxf3 h6 19. c5 Be7 20. Bc3 Nb7 21.
Qxa7 bxc5 22. dxc5 Bxc5 23. Rxd8+ Rxd8 24. Qa4 Nd5 25. Bd4 Rc8 26. Nd7 Bxd4 27. Rxc7 Rxc7 28. Qa8+ Kh7 29.
Nf8+ Kg8 30. Nxe6+ Kh7 31. Nxc7 1-0

[Event "Late-Titled-Tuesday-Blitz-February-06-2024"]
[Site "Chess.com"]
[Date "2024.02.06"]
[Round "8"]
[White "protectiago"]
[Black "expii"]
[Result "1-0"]
[WhiteElo "2112"]
[BlackElo "2212"]
[TimeControl "180+1"]
[EndTime "15:27:23 PST"]
[Termination "protectiago won by resignation"]

1. d4 d5 2. c4 e6 3. g3 c5 4. Bg2 Nc6 5. cxd5 exd5 6. Nf3 Nf6 7.
O-O Be7 8. dxc5 Bxc5 9. Nc3 O-O 10. Bg5 d4 11. Bxf6 Qxf6 12. Ne4 Qe7 13. Nxc5 Qxc5 14.
Rc1 Qb6 15. Qd2 Be6 16. b3 Rad8 17. Rfd1 Rfe8 18. Qb2 Bg4 19. Rd2 Bxf3 20. Bxf3 Ne5 21. Be4 Nc6 22. Qc2 g6 23. Bxc6 Rc8 24. Bxe8 Rxc2 25.
Rdxc2 1-0

[Event "Late-Titled-Tuesday-Blitz-February-06-2024"]
[Site "Chess.com"]
[Date "2024.02.06"]
[Round "8"]
[White "JaackCamel"]
[Black "N_I_Chess"]
[Result "0-1"]
[WhiteElo "2195"]
[BlackElo "2338"]
[TimeControl "180+1"]
[EndTime "15:27:24 PST"]
[Termination "N_I_Chess won by resignation"]

1. d4 Nf6 2. c4 e6 3. Nc3 Bb4 4. e3 O-O 5. Bd3 d5 6. Ne2 b6 7.
O-O Ba6 8. cxd5 Bxd3 9. Qxd3 exd5 10. a3 Bd6 11. b4 a5 12. b5 Re8 13. a4 Nbd7 14.
Ba3 Nf8 15. Bxd6 Qxd6 16. Rfc1 Ng4 17. Ng3 Rad8 18. Qf5 Nf6 19. Nce2 g6 20. Qc2 Rd7 21.
Qc6 Qxc6 22. Rxc6 Re6 23. Rac1 Rxc6 24. Rxc6 Ne6 25. h3 Kg7 26. Kf1 Ne8 27. Ke1 Nd6 28.
Nc1 Nc4 29. e4 Nxd4 30. exd5 Nxc6 31. dxc6 Re7+ 32. Nge2 Nb2 0-1

[Event "Late-Titled-Tuesday-Blitz-February-06-2024"]
[Site "Chess.com"]
[Date "2024.02.06"]
[Round "8"]
[White "Szparu"]
[Black "TimGrutter03"]
[Result "1-0"]
[WhiteElo "2810"]
[BlackElo "2609"]
[TimeControl "180+1"]
[EndTime "15:27:34 PST"]
[Termination "Szparu won by resignation"]

1. Nf3 Nf6 2. c4 b6 3. g3 Bb7 4. Bg2 c5 5. O-O g6 6. Nc3 Bg7 7.
d3 O-O 8. e4 d6 9. h3 a6 10. Be3 Qd7 11. Qc2 Nc6 12. d4 cxd4 13. Nxd4 Rac8 14. Nxc6 Qxc6 15. b3 b5 16. Nd5 Nxd5 17.
exd5 Qd7 18. Rac1 e6 19. Qd3 e5 20. c5 dxc5 21. Rxc5 f5 22. Rd1 f4 23. Rxc8 Bxc8 24.
Bc5 Rd8 25. d6 Bb7 26. Bxb7 Qxb7 27. d7 Bf6 28. Qd6 fxg3 29. Qxf6 gxf2+ 30. Kxf2 Qc7 31. b4 e4 32. Qxd8+ Qxd8 33. Be7 Qb6+ 34. Kg2 1-0

[Event "Late-Titled-Tuesday-Blitz-February-06-2024"]
[Site "Chess.com"]
[Date "2024.02.06"]
[Round "8"]
[White "Beca95"]
[Black "mr_gustavo"]
[Result "0-1"]
[WhiteElo "2926"]
[BlackElo "2712"]
[TimeControl "180+1"]
[EndTime "15:27:35 PST"]
[Termination "mr_gustavo won by resignation"]

1. e4 c5 2. Nc3 d6 3. Bc4 Nc6 4. a3 Nf6 5. d3 e6 6. Ba2 Be7 7. f4 O-O 8. Nf3 d5 9. O-O b6 10. e5 Nd7 11. Ne2 f6 12. d4 fxe5 13. dxe5 Ba6 14. Re1 Rc8 15. Ng3 g6 16. c3 Kh8 17.
b4 cxb4 18. axb4 Bb5 19. Ne2 Bxe2 20. Rxe2 b5 21. Bb1 Nb6 22. h4 d4 23. cxd4 Nxd4 24.
Qxd4 Rxc1+ 25. Kh2 Qxd4 26. Nxd4 Rxf4 27. Nb3 Rxh4+ 0-1

[Event "Late-Titled-Tuesday-Blitz-February-06-2024"]
[Site "Chess.com"]
[Date "2024.02.06"]
[Round "8"]
[White "Lennis93"]
[Black "dmitrijiIM"]
[Result "0-1"]
[WhiteElo "2688"]
[BlackElo "2919"]
[TimeControl "180+1"]
[EndTime "15:27:39 PST"]
[Termination "dmitrijiIM won on time"]

1. Nf3 d5 2. d4 Nf6 3. c4 e6 4. Nc3 c6 5. Bg5 Nbd7 6. e3 Be7 7. Qc2 O-O 8. Rd1 h6 9. Bh4 b6 10. Bd3 Ba6 11. b3 Bb7 12. O-O c5 13. Qe2 Rc8 14.
Ne5 cxd4 15. exd4 Nxe5 16. dxe5 Nd7 17. Bg3 a6 18. Bb1 Qc7 19. Qc2 g6 20. Qd2 Kh7 21. Nxd5 exd5 22. e6 Bd6 23. exd7 Qxd7 24. cxd5 Rc5 25.
Be4 Rd8 26. Bf3 a5 0-1

[Event "Late-Titled-Tuesday-Blitz-February-06-2024"]
[Site "Chess.com"]
[Date "2024.02.06"]
[Round "8"]
[White "ritanovikova"]
[Black "Baronessa08"]
[Result "0-1"]
[WhiteElo "2236"]
[BlackElo "2533"]
[TimeControl "180+1"]
[EndTime "15:27:39 PST"]
[Termination "Baronessa08 won by resignation"]

1. e4 c5 2. Nc3 Nc6 3. d3 g6 4. Be3 d6 5. Qd2 Rb8 6. h4 h5 7. g3 Bh6 8. Bg2 b5 9. Nge2 b4 10. Nd1 Bxe3 11. Nxe3 Nf6 12. f3 a5 13. d4 cxd4 14. Nxd4 Nxd4 15. Qxd4 Be6 16. O-O Qb6 17.
Qd2 Rc8 18. Rac1 d5 19. e5 d4 20. exf6 dxe3 21. Qd3 Bc4 22. Qe4 Qxf6 23. Rfe1 e2 24. b3 Ba6 25. f4 O-O 26. Bf3 Rc3 27. Kh2 Qb6 28. Kg2 Rxf3 29. Qxe7 Qf2+ 30. Kh1 Rxg3 0-1

[Event "Late-Titled-Tuesday-Blitz-February-06-2024"]
[Site "Chess.com"]
[Date "2024.02.06"]
[Round "8"]
[White "FredddieCroderg"]
[Black "rcmz"]
[Result "1-0"]
[WhiteElo "2361"]
[BlackElo "2132"]
[TimeControl "180+1"]
[EndTime "15:27:40 PST"]
[Termination "FredddieCroderg won by resignation"]

1. e4 Nf6 2. d3 e5 3. f4 d6 4. Nf3 Nc6 5. g3 Bg4 6. Bg2 Nd4 7. O-O Be7 8. c3 Nxf3+ 9. Bxf3 Bh3 10. Rf2 c6 11. f5 h5 12. Bg5 g6 13. fxg6 fxg6 14. Nd2 Ng4 15. Bxe7 Qxe7 16. Bxg4 Bxg4 17. Qb3 O-O-O 18. Rf7 Rd7 19. Rxe7 Rxe7 20. Rf1 Kc7 21. Rf7 Re8 22. Rxe7+ Rxe7 23. Qg8 a5 24. Qxg6 b5 25.
Nf1 Be2 26. d4 exd4 27. cxd4 Bd3 28. Qxh5 Bxe4 29. a4 d5 30. axb5 cxb5 31. Qg5 Rf7 32. Ne3 Kc6 33. Qe5 Rd7 34. Nf5 a4 35. Ne7+ Kb7 36.
Qe6 1-0